 Dungeon Crawl Stone Soup version 0.29-a0-620-g13ace881f2 (webtiles) character file.

Game seed: 1420333519080815289

427 wingedge the Skirmisher (level 6, 0/52 HPs)
             Began as a Demonspawn Fighter on June 19, 2022.
             Was a Follower of Makhleb.
             Slain by a goblin
             ... wielding a +0 dagger
              (1 damage)
             ... on level 4 of the Dungeon.
             The game lasted 00:14:37 (4273 turns).

wingedge the Skirmisher (Demonspawn Fighter)        Turns: 4273, Time: 00:14:37

Health: 0/52       AC: 12    Str: 22    XL:     6   Next: 65%
Magic:  8/8        EV:  7    Int:  9    God:    Makhleb [*.....]
Gold:   228        SH:  5    Dex: 15    Spells: 5/5 levels left

rFire   . . .      SeeInvis .   a - +0 long sword
rCold   . . .      Faith    .   c - +0 buckler
rNeg    + . .      Spirit   .   i - +0 chain mail
rPois   .          Reflect  .   v - +0 helmet
rElec   .          Harm     .   (no cloak)
rCorr   .          Rampage  .   (no gloves)
Will    .....                   (no boots)
Stlth   ..........              (no amulet)
HPRegen 0.17/turn               j - +6 ring of strength
MPRegen 0.11/turn               b - ring of positive energy

@: no status effects
A: slimy green scales 1, demonic touch 2
a: Renounce Religion


You were on level 4 of the Dungeon.
You worshipped Makhleb.
Makhleb was aware of your devotion.
You visited 1 branch of the dungeon, and saw 5 of its levels.

You collected 228 gold pieces.

Inventory:

Hand Weapons
 a - a +0 long sword (weapon)
Missiles
 e - 3 poisoned darts
 s - 2 boomerangs (quivered)
Armour
 c - a +0 buckler (worn)
 i - a +0 chain mail (worn)
 v - a +0 helmet (worn)
Magical Staves
 m - a staff of death
Jewellery
 b - a ring of positive energy (right hand)
 j - a +6 ring of strength (left hand)
Wands
 g - a wand of flame (11)
Scrolls
 k - a scroll of vulnerability
 o - 3 scrolls of amnesia
Potions
 d - a potion of cancellation
 f - a potion of ambrosia
 h - 2 potions of attraction
 n - 2 potions of mutation


   Skills:
 + Level 5.9 Fighting
 + Level 3.8 Long Blades
 - Level 2.6 Armour
 - Level 2.6 Shields
 + Level 3.1 Invocations


You had 5 spell levels left.
You didn't know any spells.
Your spell library contained the following spells:

 Spells                   Type           Power      Damage    Failure   Level
 Call Canine Familiar     Summ           0%         N/A       100%        3
 Ignite Poison            Fire/Tmut/Pois 0%         N/A       100%        3
 Mephitic Cloud           Conj/Pois/Air  0%         N/A       100%        3
 Portal Projectile        Hex/Tloc       0%         N/A       100%        3
 Tukima's Dance           Hex            0%         N/A       100%        3
 Leda's Liquefaction      Hex/Erth       0%         N/A       100%        4
 Passage of Golubria      Tloc           0%         N/A       100%        4
 Freezing Cloud           Conj/Ice/Air   0%         6-21      100%        5
 Yara's Violent Unravell  Hex/Tmut       0%         3d3       100%        5


Dungeon Overview and Level Annotations

Branches:
Dungeon (5/15)
 Temple: D:4-7

Altars:
Makhleb

Annotations:
D:4 Ijyb, Menkaure
D:5 Sigmund


Innate Abilities, Weirdness & Mutations

You are partially covered in slimy green scales. (AC +2)
Your touch may inflict irresistible damage on your foes.


Message History

The goblin closely misses you. Ijyb hits you but does no damage.
You barely miss Ijyb.
Ijyb is heavily wounded.
The goblin hits you with a +0 dagger.
Ijyb zaps a wand.
Your mind is blasted!
Ijyb hits you but does no damage. You block the goblin's attack.
You hit Ijyb.
Ijyb is heavily wounded.
Ijyb hits you with a +0 dagger. The goblin hits you with a +0 dagger.
You hit Ijyb but do no damage.
Ijyb is heavily wounded.
You block Ijyb's attack. The goblin hits you but does no damage.
You closely miss Ijyb.
Ijyb is heavily wounded.
The goblin hits you but does no damage. Ijyb hits you but does no damage.
You hit Ijyb.
Ijyb is severely wounded.
The goblin hits you but does no damage. Ijyb barely misses you. x2
The goblin hits you but does no damage.
You hit Ijyb.
Ijyb is almost dead.
Ijyb hits you but does no damage. The goblin hits you but does no damage.
You hit Ijyb but do no damage.
Ijyb is almost dead.
Ijyb hits you with a +0 dagger. The goblin hits you but does no damage.
You barely miss Ijyb.
Ijyb is almost dead.
The goblin hits you but does no damage. You block Ijyb's attack.
You hit Ijyb but do no damage.
Ijyb is almost dead.
The goblin closely misses you.
Ijyb zaps a wand.
Your mind is blasted!
Ijyb hits you but does no damage. You block the goblin's attack.
You hit Ijyb.
Ijyb is almost dead.
Ijyb zaps a wand.
Your mind is blasted!
* * * LOW HITPOINT WARNING * * *
The goblin closely misses you.
You barely miss Ijyb.
Ijyb is almost dead.
The goblin hits you with a +0 dagger.
You die...

## ############
##≈≈ .#...#......#
#≈≈≈ .'...'......#
##≈≈ #...@g.#
#≈≈#########..##g'#
##≈≈#..........#
..#
#...'..........#
g.#
#...'...)......#
..#
#...'...)......#
..#
#.≈≈#..........#
..#
..≈≈#########..#
..#
.##≈≈≈..#...#..#


You could see Ijyb and 2 goblins.

Vanquished Creatures
  A phantom (D:4)
  A necrophage (D:5)
  A hound (D:4)
  An iguana (D:4)
  Robin (D:4)
  A gnoll (D:1)
  10 adders
  An ufetubus (D:4)
  2 worms
  4 dart slugs
  5 orcs
  7 endoplasms
  2 giant cockroaches (D:2)
  12 hobgoblins
  8 jackals
  2 quokkas (D:1)
  9 ball pythons
  4 bats
  5 frilled lizards
  18 goblins
  5 kobolds
  7 rats
107 creatures vanquished.

Notes
Turn   | Place    | Note
-------+----------+-------------------------------------------
     0 | D:1      | wingedge the Demonspawn Fighter began the quest for the
                  | Orb.
     0 | D:1      | Reached XP level 1. HP: 18/18 MP: 1/1
   324 | D:1      | Gained mutation: Your touch may inflict minor irresistible
                  | damage on your foes. [demonic ancestry]
   324 | D:1      | Reached XP level 2. HP: 18/24 MP: 2/2
   899 | D:1      | Gained mutation: Your touch may inflict irresistible damage
                  | on your foes. [demonic ancestry]
   899 | D:1      | Reached XP level 3. HP: 30/30 MP: 3/3
  1030 | D:2      | Reached skill level 4 in Fighting
  1450 | D:2      | Reached XP level 4. HP: 30/38 MP: 4/4
  2409 | D:3      | Reached skill level 5 in Fighting
  2415 | D:3      | Gained mutation: You are partially covered in slimy green
                  | scales. (AC +2) [demonic ancestry]
  2415 | D:3      | Reached XP level 5. HP: 44/44 MP: 5/5
  2461 | D:3      | Found a burning altar of Makhleb.
  2471 | D:3      | Became a worshipper of Makhleb the Destroyer
  2743 | D:4      | Noticed a phantom
  2791 | D:4      | Killed a phantom
  2792 | D:4      | Reached skill level 1 in Invocations
  3044 | D:4      | Noticed Robin
  3059 | D:4      | Reached * piety under Makhleb
  3081 | D:4      | Killed Robin
  3216 | D:4      | Reached XP level 6. HP: 44/51 MP: 7/7
  3361 | D:4      | Noticed Menkaure
  3750 | D:5      | Entered Level 5 of the Dungeon
  3820 | D:5      | Noticed Sigmund
  4232 | D:4      | Noticed Ijyb
  4272 | D:4      | HP: 1/52 [disintegration (19)]
  4273 | D:4      | Slain by a goblin

Illustrated notes

Levels and vault maps discovered:
D:1:      dpeg_arrival_snail, layout_loops_ring, hangedman_feature_mirror
D:2:      layout_basic, kennysheep_generic_room_8
D:3:      layout_basic, bloody_makhleb, solitary_fountain
D:4:      kennysheep_goblin_castle, layout_basic, uniq_robin, uniq_menkaure
D:5:      layout_cave_pools, temple_pool_b, minmay_ruined_shrine, uniq_sigmund

Skill      XL: |  1  2  3  4  5  6 |
---------------+-------------------+-----
Long Blades    | 2 3 |  3.8
Fighting       | 4 5 |  5.9
Invocations    | 2 3 |  3.1
Armour         | |  2.6
Shields        | |  2.6

Action                   |  1- 3 |  4- 6 || total
-------------------------+-------+-------++-------
Melee: Long sword        |    96 |   280 ||   376
Throw: Dart              |     4 |       ||     4
       Boomerang         |       |    15 ||    15
  Use: Potion            |     1 |     5 ||     6
       Scroll            |       |    13 ||    13
Armor: Scale mail        |    20 |       ||    20
       Chain mail        |    33 |   211 ||   244
Dodge: Dodged            |    32 |   132 ||   164
Block: Buckler           |    18 |    84 ||   102

Table legend: (Time is in decaauts)
 A = Elapsed time spent in this place.
 B = Non-inter-level travel time spent in this place.
 C = Inter-level travel time spent in this place.
 D = Time resting spent in this place.
 E = Time spent auto-exploring this place.
 F = Levels seen in this place.
 G = Mean time per level.
                   A        B        C        D        E       F      G
               +--------+--------+--------+--------+--------+-----+--------+
         Total |   4391 |   4138 |    253 |    867 |   2011 |   5 |  878.2 |
       Dungeon |   4391 |   4138 |    253 |    867 |   2011 |   5 |  878.2 |
               +--------+--------+--------+--------+--------+-----+--------+

Top non-repeatable levels by time:
     D:3: 1433 daAuts
     D:4: 1064 daAuts
     D:1: 1028 daAuts
     D:2: 759 daAuts
     D:5: 105 daAuts
